AoeStats
← rodcamu

Hideout

509670707Analyzed
1v1 RM · 5d ago on Sep 27, 2026· 28m 36s· 2 players
Game mode
Random Map
Map size
Tiny (2 player)
Population
200
Speed
Normal
Resources
Standard
Victory
Conquest
Starting age
Dark Age
Ending age
Imperial Age
RankedLock teamsTeams togetherTeam positionsShared explorationLock speedFull tech treeHidden civsTurbo modeCheats
Victory
Defeat
🇲🇽 Burgundians · Mexico
862
+17
🇪🇸 Goths · Spain
884
-17
DCRcruelRM1
10:34 Feudal Age
13:44 Loom
17:31 Castle Age
15:51 Double-Bit Axe
15:49 Horse Collar
18:16 Bow Saw
18:08 Heavy Plow
19:19 Forging
25:36 Fletching
rodcamu
3:51 Loom
12:08 Feudal Age
13:57 Double-Bit Axe
15:07 Scale Mail Armor
18:14 Castle Age
16:56 Horse Collar
19:16 Wheelbarrow
18:26 Town Watch
19:39 Squires
18:59 Pikeman
19:16 Man-at-Arms
27:14 Fletching
Connection lost

Rejoining the realm…

Still unreachable

The connection could not be restored.

Session expired

The server has moved on; the page needs a fresh start.